 Dungeon Crawl Stone Soup version 0.19-a0-1697-g0595f0e (webtiles) character file.

2573 vev the Envoy of Void (level 9, -4/72 HPs)
             Began as a Formicid Abyssal Knight on Sept 26, 2016.
             Was a High Priest of Lugonu.
             Slain by an orc warrior
             ... wielding a +0 war axe
              (20 damage)
             ... on level 7 of the Dungeon.
             The game lasted 00:36:49 (7631 turns).

vev the Envoy of Void (Formicid Abyssal Knight)     Turns: 7631, Time: 00:36:50

Health: -4/72      AC:  9    Str: 21    XL:     9   Next: 87%
Magic:  14/14      EV: 13    Int: 16    God:    Lugonu [*****.]
Gold:   429        SH:  0    Dex: 10    Spells: 2 memorised, 3 levels left

rFire  + + +     SeeInvis +     m - +1 morningstar (crush)
rCold  + . .     Gourm    .     O - +1 leather armour of the Mantidfly {rF+ Int+5 Slay+2}
rNeg   . . .     Faith    .     (no shield)
rPois  +         Spirit   .     (helmet unavailable)
rElec  +         Dismiss  .     k - +0 cloak
rCorr  +         Reflect  .     p - +1 pair of gloves
MR     +....     Harm     .     (no boots)
Stlth  +.........               (no amulet)
                                x - ring of protection from magic
                                P - ring of protection from fire

@: resistant, flying, very slightly contaminated, invisible
A: permanent stasis, dig shafts and tunnels, four strong arms, antennae 3,
MP-powered wands
a: Dig, Shaft Self, Depart the Abyss, Bend Space, Banish, Corrupt, Enter the
Abyss, Renounce Religion


You were on level 7 of the Dungeon.
You worshipped Lugonu.
Lugonu was extremely pleased with you.
You were not hungry.

You visited 1 branch of the dungeon, and saw 7 of its levels.
You visited the Abyss 1 time.
You also visited: Sewer and Ossuary.

You collected 429 gold pieces.

Inventory:

Hand Weapons
 a - a +2 hand axe
 m - a +1 morningstar of crushing (weapon)
 G - a +0 great mace
Missiles
 q - 60 poisoned needles
Armour
 k - a +0 cloak (worn)
 p - a +1 pair of gloves (worn)
 C - a +0 chain mail
 H - a +0 scale mail
 O - the +1 leather armour of the Mantidfly (worn) {rF+ Int+5 Slay+2}
   (You found it on level 7 of the Dungeon)

   It affects your intelligence (+5).
   It affects your accuracy and damage with ranged weapons and melee attacks
   (+2).
   It protects you from fire.
 R - a +0 buckler
Jewellery
 v - an uncursed ring of ice
 x - a ring of protection from magic (right hand)
 D - an uncursed ring of positive energy
 P - a ring of protection from fire (left hand)
Scrolls
 d - 3 scrolls of remove curse
 f - 3 scrolls of identify {unknown}
 h - a scroll of fog
 i - 2 scrolls of fear {unknown}
 j - 3 scrolls of teleportation {unknown}
 n - 3 scrolls of enchant weapon
 r - a scroll of blinking {unknown}
 t - a scroll of amnesia {unknown}
 w - a scroll of noise {unknown}
 y - a scroll of enchant armour
 z - a scroll of silence {unknown}
 A - 4 scrolls of recharging {unknown}
 J - a scroll of vulnerability {unknown}
Potions
 e - 3 potions of cancellation
 s - 4 potions of curing
 u - a potion of mutation
 I - 2 potions of flight
Books
 B - a Grand Grimoire

   Spells                             Type                      Level
   a - Monstrous Menagerie            Summoning                    7
   b - Summon Greater Demon           Summoning                    7
   c - Malign Gateway                 Summoning/Translocation      7
   d - Summon Horrible Things         Summoning                    8
 E - the Almanac of Lucky Beguiling
   (You found it in a sewer)

   Spells                             Type                      Level
   a - Confusing Touch                Hexes                        1
   b - Repel Missiles                 Charms/Air                   2
   c - Swiftness                      Charms/Air                   2
   d - Regeneration                   Charms/Necromancy            3
   e - Confuse                        Hexes                        3
   f - Tukima's Dance                 Hexes                        3
   g - Haste                          Charms                       6
Comestibles
 b - 2 chunks of flesh
 c - 4 bread rations
 g - 4 meat rations


   Skills:
 + Level 7.2 Fighting
 - Level 3.9 Axes
 + Level 7.1 Armour
 - Level 5.3 Dodging
 * Level 2.3 Shields
 + Level 7.5 Invocations


You had 3 spell levels left.
You knew the following spells:

 Your Spells              Type           Power        Failure   Level  Hunger
a - Repel Missiles        Chrm/Air       #.....       43%         2    ###....
b - Regeneration          Chrm/Necr      #.........   83%         3    ####...


Dungeon Overview and Level Annotations

Branches:
Dungeon (7/15)             Temple (0/1) D:4

Altars:
Ashenzari
Cheibriados
Gozag
Kikubaaqudgha

Shops:
D:5 (

Annotations:
D:2 1 exclusion
D:3 Grinder; p0werm0de's ghost, amateur DEMo


Innate Abilities, Weirdness & Mutations

You are under a permanent stasis effect.
You can dig through walls and to a lower floor.
Your four strong arms can wield two-handed weapons with a shield.
You have a pair of large antennae on your head. (SInv)
You expend magic power (3 MP) to strengthen your wands.


Message History

You feel better.
It was a potion of invisibility.
You fade into invisibility!
The orc warrior hits you with a war axe!
* * * LOW HITPOINT WARNING * * *
You are very lightly contaminated with residual magic.
It was a potion of resistance.
You feel protected. The orc warrior barely misses you.
You hit the orc warrior.
The orc warrior is heavily wounded.
The orc warrior hits you with a war axe!
* * * LOW HITPOINT WARNING * * *
You hit the orc warrior but do no damage.
The orc warrior is heavily wounded.
The orc warrior hits you with a war axe!
* * * LOW HITPOINT WARNING * * *
You feel better.
The orc warrior hits you with a war axe!!
You die...

. ##...# .......
# ##....##
....... ##
#......##...)...
.##
#.(...{.(oo.....
..##
##....o##{......
....
#...##.##..5...
#...###o#......
##....#o##......
{
##.....@.........
#......#####.....
{ {#[.....# #...
{ { ###..#.## ###
#.###.## #.# #.#
##.### #.# #.#
##..## #.# ###
##..# # #.# ####
#..#


You could see an orc warrior and an orc.

Vanquished Creatures
  The ghost of Charly the Covert, an amateur SpEn (D:6)
  A hungry ghost (D:7)
  A wasp (D:7)
  An ogre (D:4)
  2 centaurs (D:5)
  An elf skeleton (D:7)
  An elf zombie (D:7)
  A gnoll sergeant (D:6)
  5 water moccasin zombies (Ossuary)
  3 scorpions
  3 howler monkeys
  2 crimson imps
  A hound (D:6)
  A human zombie (D:7)
  A gnoll shaman (D:4)
  2 orc priests
  6 orc wizards
  2 human skeletons (D:7)
  An iguana (D:6)
  6 worker ants
  2 hound zombies
  A hound skeleton (D:7)
  2 mummies (Ossuary)
  21 gnolls
  A howler monkey skeleton (D:6)
  6 adders
  5 shadow imps
  2 oozes
  3 adder zombies
  4 worms
  2 dart slugs
  5 leopard geckos
  24 orcs
  15 giant cockroaches
  11 goblins
  7 hobgoblins
  12 jackals
  A quokka (D:6)
  8 ball pythons
  9 bats
  4 frilled lizards
  4 hobgoblin zombies (Ossuary)
  10 kobolds
  3 kobold zombies (Ossuary)
  An orc skeleton (D:7)
  2 orc zombies (Ossuary)
  A quokka skeleton (D:6)
  A quokka zombie (D:6)
  8 rats
217 creatures vanquished.

Vanquished Creatures (others)
  An orc warrior (D:5)
  An ogre (D:4)
2 creatures vanquished.

Grand Total: 219 creatures vanquished

Notes
Turn   | Place    | Note
-------+----------+-------------------------------------------
     0 | Abyss:1  | vev the Formicid Abyssal Knight began the quest for the Orb.
     0 | Abyss:1  | Reached XP level 1. HP: 18/18 MP: 2/2
    12 | Abyss:1  | Found a corrupted altar of Lugonu.
    16 | D:1      | Escaped the Abyss
    60 | D:1      | Reached skill level 1 in Dodging
   334 | D:1      | Reached XP level 2. HP: 24/24 MP: 3/3
   653 | D:1      | Reached XP level 3. HP: 25/29 MP: 4/4
   787 | D:2      | Reached ** piety under Lugonu
   961 | D:2      | Reached XP level 4. HP: 28/35 MP: 5/5
  1290 | D:2      | Reached XP level 5. HP: 13/42 MP: 7/7
  1751 | D:3      | Noticed Grinder
  2153 | D:3      | Found a faded altar of an unknown god.
  2187 | D:3      | Found an opulent altar of Gozag.
  2355 | D:3      | Reached *** piety under Lugonu
  2389 | D:3      | Noticed p0werm0de's ghost (amateur DEMo)
  2609 | D:4      | Found a staircase to the Ecumenical Temple.
  2730 | D:4      | Noticed an ogre
  2739 | D:4      | Killed an ogre
  2739 | D:4      | Reached XP level 6. HP: 15/48 MP: 8/8
  2947 | D:4      | Noticed an ogre
  3094 | D:4      | Banished an ogre
  3260 | D:4      | Found a shattered altar of Ashenzari.
  3504 | D:4      | Reached XP level 7. HP: 37/55 MP: 9/9
  4136 | D:5      | Entered Level 5 of the Dungeon
  4136 | D:5      | Found Ostrewa's Antique Weapon Emporium.
  4521 | D:5      | Reached skill level 5 in Fighting
  4521 | D:5      | Reached XP level 8. HP: 60/62 MP: 11/11
  4579 | D:5      | Reached skill level 5 in Invocations
  4613 | D:5      | Found a snail-covered altar of Cheibriados.
  4628 | D:5      | Reached skill level 5 in Armour
  4635 | D:5      | Reached **** piety under Lugonu
  5148 | D:6      | Found a glowing drain.
  5180 | Sewer    | Entered a sewer
  5409 | Sewer    | Identified the Almanac of Lucky Beguiling
  5414 | Sewer    | Learned a level 2 spell: Repel Missiles
  5418 | Sewer    | Learned a level 3 spell: Regeneration
  5639 | D:6      | Noticed Charly's ghost (amateur SpEn)
  5690 | D:6      | Killed Charly's ghost
  6115 | D:6      | Reached XP level 9. HP: 46/69 MP: 13/13
  6353 | D:6      | Reached ***** piety under Lugonu
  6893 | D:7      | Found a sand-covered staircase.
  6906 | Ossuary  | Entered an ossuary
  6938 | Ossuary  | Reached skill level 5 in Dodging
  7281 | D:7      | Got an ichor-stained leather armour
  7319 | D:7      | Found an ancient bone altar of Kikubaaqudgha.
  7382 | D:7      | Reached skill level 1 in Shields
  7440 | D:7      | Identified the +1 leather armour of the Mantidfly {rF+ Int+5 Slay+2} (You found it on level 7 of the Dungeon)
  7623 | D:7      | Gained mutation: You are frail. (-10% HP) [potion of mutation]
  7623 | D:7      | Gained mutation: You expend magic power (3 MP) to strengthen your wands. [potion of mutation]
  7623 | D:7      | Lost mutation: You are frail. (-10% HP) [potion of mutation]
  7631 | D:7      | Slain by an orc warrior

Vault maps used:
D:1:      dpeg_arrival_rooms_b, fountainhead, bh_walls_and_bars
D:2:      uniq_crazy_yiuf_cottage
D:3:      ecumenical_altar_1, nicolae_gozag_seed_capital, uniq_grinder
D:4:      kennysheep_mini_moat, first_bread
D:5:      kennysheep_mini, serial_shops, nicolae_shop_waterfront
D:6:      portal_sewer_entry_c
D:7:      lemuel_round_altar, kiku_gazebo_garden_becter, marbit_many_paths,
          nicolae_ossuary_entry_catacombs, grunt_livestock
Sewer:    sewer_frog_island_01
Ossuary:  ossuary_tomb_2

Skill      XL: |  1  2  3  4  5  6  7  8  9 |
---------------+----------------------------+-----
Dodging        | 1 2 3 4 5 |  5.3
Armour         | 3 4 5 7 |  7.1
Invocations    | 3 4 6 7 |  7.5
Axes           | 3 |  3.9
Fighting       | 4 5 6 7 |  7.2
Shields        | 2 |  2.3

Action                   |  1- 3 |  4- 6 |  7- 9 || total
-------------------------+-------+-------+-------++-------
Melee: Hand axe          |    97 |   133 |       ||   230
       Morningstar       |       |   103 |   556 ||   659
       Great mace        |       |       |    21 ||    21
Throw: Throwing net      |       |       |     3 ||     3
Invok: Banish            |       |     1 |     1 ||     2
       Bend Space        |       |       |     2 ||     2
 Abil: Dig               |       |     7 |    11 ||    18
  Use: Scroll            |     1 |     3 |     1 ||     5
       Potion            |       |     6 |     8 ||    14
  Eat: Chunk             |       |     8 |    14 ||    22
       Meat ration       |       |     1 |       ||     1
       Bread ration      |       |       |     2 ||     2
       Pizza             |       |       |     2 ||     2
Armor: Leather armour    |    35 |       |    10 ||    45
       Plate armour      |    15 |    75 |       ||    90
       Ring mail         |       |    46 |   160 ||   206
       Scale mail        |       |       |    98 ||    98
Dodge: Dodged            |    66 |   124 |   380 ||   570
